 Dungeon Crawl Stone Soup version 0.30-a0-141-g30f27751c5 (webtiles) character file.

Game seed: 1017035003682639337

28 qw the Shield-Bearer (level 3, -2/23 HPs)
             Began as a Gargoyle Fighter on Sept 24, 2022.
             Slain by a gnoll
             ... wielding a +0 spear
              (7 damage)
             ... on level 2 of the Dungeon.
             The game lasted 00:00:11 (779 turns).

qw the Shield-Bearer (Gargoyle Fighter)              Turns: 779, Time: 00:00:12

Health: -2/23      AC: 10    Str: 21    XL:     3   Next: 12%
Magic:  3/3        EV:  9    Int:  8    God:
Gold:   77         SH:  4    Dex:  9    Spells: 2/2 levels left

rFire   . . .      SeeInvis .    Y - +0 war axe
rCold   . . .      Faith    .    c - +0 buckler
rNeg    + . .      Spirit   .    b - +0 scale mail
rPois   inf        Reflect  .    (no helmet)
rElec   +          Harm     .    (no cloak)
rCorr   .          Rampage  .    (no gloves)
Will    .....                    (no boots)
Stlth   ..........               (no amulet)
HPRegen 0.07/turn                (no ring)
MPRegen 0.08/turn                (no ring)

@: no status effects
A: sickness immunity, AC +3, negative energy resistance 1, electricity
resistance, torment resistance 1, petrification resistance
a: no special abilities


You were on level 2 of the Dungeon.
You visited 1 branch of the dungeon, and saw 2 of its levels.

You collected 77 gold pieces.


Innate Abilities, Weirdness & Mutations

You are immune to sickness and miasma.
Your stone body is resilient. (AC +3)
You are immune to poison.
You resist negative energy. (rN+)
You are resistant to electric shocks. (rElec)
You are resistant to unholy torment.
You are immune to petrification.


   Skills:
 - Level 3.2 Fighting
 + Level 3.2 Axes
 - Level 3.2 Armour
 - Level 3.2 Shields


You had 2 spell levels left.
You didn't know any spells.
Your spell library was empty.

Inventory:

Hand Weapons
 f - a +0 whip
 Y - a +0 war axe (weapon)
Armour
 b - a +0 scale mail (worn)
 c - a +0 buckler (worn)
Scrolls
 g - 2 scrolls of identify
Potions
 d - a potion of might
 h - a potion of curing {unknown}

Dungeon Overview and Level Annotations

Branches:
Dungeon (2/15)

Altars:


Message History

You kill the giant cockroach!
A giant cockroach comes into view.
The giant cockroach waves its antennae.
Enter note: You slash the giant cockroach!
You kill the giant cockroach!
g - 2 scrolls of identify (gained 1)
A worm comes into view.
Enter note: You slash the worm!
The worm is severely wounded.
You block the worm's attack.
You slash the worm!
You kill the worm!
You now have 77 gold pieces (gained 11).
A gnoll comes into view. It is wielding a +0 spear.
You see here 11 gold pieces.
A gnoll comes into view. It is wielding a +0 spear.
The gnoll misses you.
You hit the gnoll but do no damage. The gnoll hits you with a +0 spear.
You block the gnoll's attack.
You hit the gnoll.
The gnoll is moderately wounded.
The gnoll hits you with a +0 spear.
You barely miss the gnoll.
The gnoll is moderately wounded.
You slash the gnoll!
You kill the gnoll!
The gnoll hits you from afar with a +0 spear. x2
Your Axes skill increases to level 3!
You have reached level 3!
Your experience leads to an increase in your attributes!
Increase (S)trength, (I)ntelligence, or (D)exterity?
You feel stronger. x2
A gnoll comes into view. It is wielding a +0 spear.
The gnoll shouts!
You hear a shout!
The gnoll hits you with a +0 spear.
You hear a shout!
You closely miss the gnoll. The gnoll hits you with a +0 spear!
You die...

########.#.##.#.##.
....................
####....#.........#
#...%.#.........#
##.#.$#........#
#.##..........#
..###.........#
...........####
#.#######)@## #.
##.g.g.... #.
##....... #......
...... ...... .....
.....


You could see 2 gnolls.

Vanquished Creatures
  A gnoll (D:2)
  A worm (D:2)
  A bat (D:1)
  An endoplasm (D:1)
  3 giant cockroaches
  A goblin (D:1)
  2 jackals (D:1)
  A kobold (D:1)
  2 ball pythons (D:1)
  A frilled lizard (D:1)
14 creatures vanquished.

Notes
Turn   | Place    | Note
-------+----------+-------------------------------------------
     0 | D:1      | qw the Gargoyle Fighter began the quest for the Orb.
     0 | D:1      | Reached XP level 1. HP: 14/14 MP: 1/1
     0 | D:1      | 0 ||| qw: Version: 0.1.0-9-gbc19398
     0 | D:1      | 0 ||| qw: Game counter: 61
     0 | D:1      | 0 ||| qw: Always use a shield: true
     0 | D:1      | 0 ||| qw: God list: Okawaru
     0 | D:1      | 0 ||| qw: Allow faded altars: false
     0 | D:1      | 0 ||| qw: Do Orc after D:15 true
     0 | D:1      | 0 ||| qw: Do second Lair branch before Depths: true
     0 | D:1      | 0 ||| qw: Lair rune preference: random
     0 | D:1      | 0 ||| qw: Plans: Normal, Zot:1-4, God:TSO, Crypt, Tomb,
                  | Pan, Slime:5, Hells, Abyss, Orb
     0 | D:1      | 0 ||| PLANNING D:1-11
   194 | D:1      | Reached XP level 2. HP: 17/19 MP: 2/2
   687 | D:1      | 687 ||| READING scroll labelled HANUAR UPUYCVUET.
   688 | D:1      | 688 ||| READING 2 scrolls labelled LOEKYFF OF TOE.
   778 | D:2      | Reached skill level 3 in Axes
   778 | D:2      | Reached XP level 3. HP: 7/23 MP: 3/3
   778 | D:2      | HP: 5/23 [gnoll/+0 spear (2)]
   779 | D:2      | Slain by a gnoll

Levels and vault maps discovered:
D:1:      elethiomel_arrival_infinity_welcomes_careful_drivers, layout_rooms
D:2:      layout_basic, basic_altar, chequers_ecumenical_altar_lobes,
          minmay_misc_feat_tiny, dk_noncrumbling_3, corexii_leaking_fountain

Skill      XL: |  1  2 |
---------------+-------+-----
Axes           | 2 3 |  3.2
Fighting       | |  3.2
Armour         | |  3.2
Shields        | |  3.2

Action                   || total
-------------------------++-------
Melee: War axe           ||    38
  Use: Scroll            ||     2
Armor: Scale mail        ||    14
Dodge: Dodged            ||    15
Block: Buckler           ||     8

Table legend:
 A = Non-vault XP
 B = Vault XP
 C = Vault XP percentage of total XP
 D = Non-vault monster count
 E = Vault monster count
 F = Vault count percentage of total count
                 A         B        C        D         E       F
            +---------+---------+-------+---------+---------+-------
      Total |      40 |       0 |   0.0 |      14 |       0 |   0.0
            +---------+---------+-------+---------+---------+-------
        D:1 |      17 |       0 |   0.0 |      10 |       0 |   0.0
        D:2 |      23 |       0 |   0.0 |       4 |       0 |   0.0
            +---------+---------+-------+---------+---------+-------
